[Event "Titled Tuesday Blitz June 13 Early 2023"]
[White "Rakotomaharo, Fy Antenaina"]
[Black "Tari, Aryan"]
[WhiteFideId "13100050"]
[BlackFideId "1510045"]
[WhiteElo "2427"]
[BlackElo "2586"]
[Result "1-0"]
[Round "6"]
[TimeControl "180+2"]
[Date "2023.06.13"]
[WhiteClock "0:00:06"]
[BlackClock "0:00:00"]
[Board "25"]

1. Nf3 Nf6 2. c4 g6 3. Nc3 Bg7 4. e4 e5 5. Nxe5 O-O 6. Nf3 Re8 7. d3 d5 8. cxd5 Nxd5 9. Nxd5 Qxd5 10. Be2 Qd6 11. O-O c5 12. Be3 Nc6 13. Qc1 b6 14. h3 Ba6 15. Rd1 Rad8 16. Bh6 Nb4 17. Bxg7 Kxg7 18. Qc3+ Qf6 19. Ne1 Nc6 20. Nf3 Rd7 21. a3 Qxc3 22. bxc3 Red8 23. Ne1 Ne5 24. c4 Bb7 25. f4 Nc6 26. Nf3 Nd4 27. Nxd4 Rxd4 28. a4 Bc6 29. a5 b5 30. cxb5 Bxb5 31. Rac1 Ba4 32. Re1 Rc8 33. Rc3 Rb8 34. Rxc5 Rb2 35. Rc7 a6 36. e5 Bb3 37. Bf1 Bd5 38. Rd7 Rbb4 39. Rc1 h5 40. Rcc7 Rxf4 41. Rxd5 Rb1 42. e6 Rfxf1+ 43. Kh2 Rfe1 44. Rxf7+ Kh6 45. h4 Rb4 46. d4 Rxe6 47. Rdd7 g5 48. Rh7+ Kg6 49. Rdg7+ Kf6 50. Rxg5 Rxd4 51. Rh6+ Ke7 52. Rxe6+ Kxe6 53. Rxh5 Kf7 54. Kh3 Kg6 55. Rg5+ Kf6 56. g3 Rd1 57. Rc5 Kg6 58. Rc6+ Kf5 59. Rc5+ Ke4 60. Kg4 Rd8 61. Rc6 Rg8+ 62. Kh3 Kf5 63. Rxa6 Rb8 64. Ra7 Rb1 65. Rf7+ Kg6 66. Rf4 Rh1+ 67. Kg4 Ra1 68. h5+ Kg7 69. Kg5 Rxa5+ 70. Rf5 Ra6 71. g4 Rd6 72. Rb5 Rd7 73. h6+ Kh7 74. Kh5 Rd1 75. Rb7+ Kh8 76. g5 Rd8 77. Re7 Rb8 78. Kg6 Rb6+ 79. Kf5 Rb5+ 80. Kf6 Rb6+ 81. Re6 Rb8 82. g6 Kg8 83. Rd6 Rf8+ 84. Kg5 Ra8 85. h7+ Kh8 86. Kh6 1-0


[Site "https://www.chess.com"]

[Event "Titled Tuesday Blitz June 13 Early 2023"]
[White "Papasimakopoulos, Alexandros"]
[Black "Bharath Subramaniyam H"]
[WhiteFideId "4244125"]
[BlackFideId "46634827"]
[WhiteElo "2359"]
[BlackElo "2400"]
[Result "1-0"]
[Round "6"]
[TimeControl "180+2"]
[Date "2023.06.13"]
[WhiteClock "0:00:05"]
[BlackClock "0:00:00"]
[Board "26"]

1. d4 Nf6 2. c4 d6 3. Nf3 g6 4. Nc3 Bf5 5. Nh4 Bd7 6. e4 e5 7. Nf3 exd4 8. Nxd4 Bg7 9. Be2 O-O 10. O-O Nc6 11. Be3 Re8 12. f3 Nh5 13. Nxc6 bxc6 14. Qd2 c5 15. g4 Nf6 16. Rad1 Bc6 17. Bh6 Qe7 18. Bxg7 Kxg7 19. b3 a5 20. a4 Nd7 21. Bd3 Ne5 22. Bc2 Qh4 23. Qf2 Qf6 24. Qe3 g5 25. h4 h6 26. h5 Bd7 27. Nd5 Qd8 28. Rde1 Be6 29. Nc3 Nc6 30. Nb5 Rc8 31. Bd1 Qf6 32. Re2 Qe5 33. Ref2 Nd4 34. Rd2 Nc6 35. f4 gxf4 36. Qxf4 Qxf4 37. Rxf4 Ne5 38. Kf2 Kf8 39. Nc3 Ke7 40. Nd5+ Bxd5 41. exd5 Rg8 42. Kg3 Rg5 43. Kh4 f5 44. Rxf5 Rxf5 45. gxf5 Rg8 46. f6+ Kxf6 47. Rf2+ Ke7 48. Rf1 Rg2 49. Kh3 Rd2 50. Kg3 Nd7 51. Kf4 Nf6 52. Ke3 Rh2 53. Rg1 Kf7 54. Rf1 Rh3+ 55. Kf4 Rd3 56. Rg1 Rd4+ 57. Ke3 Rh4 58. Rf1 Ke7 59. Rg1 Kf7 60. Rf1 Rh2 61. Kd3 Rg2 62. Ke3 Rg5 63. Kd3 Ke7 64. Re1+ Kf7 65. Rf1 Kg7 66. Re1 Re5 67. Rg1+ Kf7 68. Rf1 Ke7 69. Rg1 Nxh5 70. Bxh5 Rxh5 71. Rg7+ Kd8 72. Rg8+ Kd7 73. Ra8 Rh2 74. Rxa5 Rh3+ 75. Kc2 Rh2+ 76. Kc3 Rh3+ 77. Kb2 h5 78. Ra8 h4 79. Rh8 Rh2+ 80. Ka3 Rh1 81. a5 h3 82. Ka2 Rh2+ 83. Ka3 Rh1 84. Kb2 Rh2+ 85. Kc3 Ra2 86. Rh7+ Kc8 87. Rh8+ Kb7 88. Rxh3 Rxa5 89. Rg3 Ra3 90. Rg1 Ra7 91. Rg8 1-0


[Site "https://www.chess.com"]

[Event "Titled Tuesday Blitz June 13 Early 2023"]
[White "Elsa167"]
[Black "Srihari L R"]
[BlackFideId "46617116"]
[WhiteElo "2905"]
[BlackElo "2334"]
[Result "1/2-1/2"]
[Round "6"]
[TimeControl "180+2"]
[Date "2023.06.13"]
[WhiteClock "0:00:07"]
[BlackClock "0:00:07"]
[Board "27"]

1. d4 Nf6 2. c4 e6 3. Nf3 Bb4+ 4. Nbd2 b6 5. a3 Bxd2+ 6. Qxd2 Bb7 7. e3 d6 8. b4 a5 9. Bb2 Ne4 10. Qc2 axb4 11. axb4 Rxa1+ 12. Bxa1 Na6 13. Qa4+ Qd7 14. b5 O-O 15. Qb3 Nb8 16. Be2 Qe7 17. O-O Nd7 18. Bb2 Ra8 19. Ra1 Qd8 20. Ra3 Rxa3 21. Qxa3 Qa8 22. Qxa8+ Bxa8 23. Ne1 f5 24. f3 Nef6 25. Kf2 Kf7 26. Nd3 Bb7 27. Nb4 g5 28. Bd1 h5 29. Nc6 Bxc6 30. bxc6 Nb8 31. Ba4 d5 32. c5 bxc5 33. dxc5 Ng8 34. Be5 Ne7 35. Bxc7 Nbxc6 36. Bd6 e5 37. Bb3 e4 38. f4 gxf4 39. Bxf4 Kf6 40. Bd1 Nb4 41. Bxh5 Nd3+ 42. Ke2 Nxc5 43. h4 Nd3 44. Bg5+ Ke6 45. Be8 Ne5 46. h5 Nf7 47. Bf4 Ng8 48. Bc6 Nf6 49. h6 Nh5 50. h7 Nf6 51. Bb7 Nxh7 52. Bc8+ Kf6 53. g4 fxg4 54. Bxg4 Ne5 55. Bc8 Ng5 56. Bb7 Ne6 57. Bxd5 Nxf4+ 58. exf4 Ng6 59. Ke3 Nxf4 60. Kxf4 e3 61. Kxe3 1/2-1/2


[Site "https://www.chess.com"]

[Event "Titled Tuesday Blitz June 13 Early 2023"]
[White "Martinez Ramirez, Lennis"]
[Black "Ahmadzada, Ahmad"]
[WhiteFideId "3509079"]
[BlackFideId "13413007"]
[WhiteElo "2410"]
[BlackElo "2388"]
[Result "0-1"]
[Round "6"]
[TimeControl "180+2"]
[Date "2023.06.13"]
[WhiteClock "0:00:05"]
[BlackClock "0:00:40"]
[Board "28"]

1. Nf3 Nf6 2. c4 g6 3. Nc3 Bg7 4. e4 d6 5. d4 O-O 6. Be3 Nbd7 7. h3 e5 8. d5 Nc5 9. Nd2 a5 10. g4 Ne8 11. Qc2 f5 12. gxf5 gxf5 13. Bxc5 dxc5 14. exf5 Nd6 15. Bd3 Nxf5 16. Bxf5 Bxf5 17. Nde4 Bh6 18. Ke2 Qh4 19. Rag1+ Kh8 20. Rg3 Bf4 21. Rgg1 Qh5+ 22. Ke1 Qh4 23. Qe2 Rae8 24. Kd1 c6 25. f3 b5 26. cxb5 cxd5 27. Nxd5 Rd8 28. Nc3 Be6 29. Qd3 Rxd5 30. Nxd5 Bxd5 31. Rg4 Qf6 32. Qxd5 Rd8 33. Qxd8+ Qxd8+ 34. Kc2 Qd2+ 35. Kb1 h5 36. Rh4 Be3 37. Rxh5+ Kg7 38. Rxe5 Bd4 39. Rh2 Qd1# 0-1


[Site "https://www.chess.com"]

[Event "Titled Tuesday Blitz June 13 Early 2023"]
[White "Ashraf, Artin"]
[Black "Galchenko, Matvey"]
[WhiteFideId "22514805"]
[BlackFideId "24175480"]
[WhiteElo "2224"]
[BlackElo "2423"]
[Result "0-1"]
[Round "6"]
[TimeControl "180+2"]
[Date "2023.06.13"]
[WhiteClock "0:00:00"]
[BlackClock "0:00:04"]
[Board "29"]

1. c4 e6 2. Nf3 d5 3. g3 Nf6 4. Bg2 dxc4 5. Qa4+ Nbd7 6. Qxc4 a6 7. Qc2 c5 8. O-O b5 9. Ne5 Nd5 10. d4 Bb7 11. Nxd7 Qxd7 12. dxc5 Rc8 13. e4 Nb4 14. Qb3 Bxc5 15. Rd1 Qe7 16. Nc3 O-O 17. Bf4 Nc6 18. Ne2 Na5 19. Qf3 f5 20. Qh5 fxe4 21. Rac1 e5 22. Bxe5 Rxf2 23. Nd4 Rf7 24. Kh1 Nc4 25. Bf4 Nxb2 26. Rd2 Nd3 27. Rcc2 Bxd4 28. Rxc8+ Bxc8 29. Qd5 Nxf4 30. gxf4 Bf6 31. Bxe4 Be6 32. Qa8+ Rf8 33. Qc6 h6 34. Rd6 Bc4 35. Rd7 Qe6 36. Qb7 Qg4 0-1


[Site "https://www.chess.com"]

[Event "Titled Tuesday Blitz June 13 Early 2023"]
[White "Nazari, Arad"]
[Black "Arutinian, David"]
[WhiteFideId "12577324"]
[BlackFideId "13601741"]
[WhiteElo "2175"]
[BlackElo "2525"]
[Result "0-1"]
[Round "6"]
[TimeControl "180+2"]
[Date "2023.06.13"]
[WhiteClock "0:00:01"]
[BlackClock "0:00:10"]
[Board "30"]

1. e4 c6 2. Nf3 d5 3. Nc3 dxe4 4. Nxe4 Nf6 5. Qe2 Nxe4 6. Qxe4 Be6 7. b3 Nd7 8. Bb2 Nf6 9. Qe2 Bf5 10. O-O-O e6 11. h3 Qa5 12. Kb1 Be7 13. d3 Nd5 14. g4 Bg6 15. Ne5 Nc3+ 16. Bxc3 Qxc3 17. Qe1 Qd4 18. c3 Qd5 19. Rh2 Bf6 20. f4 O-O-O 21. h4 Bxe5 22. Qxe5 Qf3 23. Qe2 Qxf4 24. Rh3 h5 25. Rf3 Qxg4 26. Bh3 Qxh4 27. Bxe6+ fxe6 28. Qxe6+ Kb8 29. Qxg6 Ka8 30. Qxg7 a6 31. Qg3 Qe7 32. Qh3 h4 33. Kc2 Qg5 34. Rd2 Rdg8 35. a4 Qg1 36. Rf1 Qg5 37. Rf5 Qe7 38. Rf1 Qa3 39. Rb1 Rg3 40. Qf5 Qe7 41. Qf2 Qg7 42. Rh1 h3 43. Qh2 Rh6 44. b4 Rg2 45. Qf4 Rxd2+ 46. Qxd2 Qg3 47. Rh2 Rg6 48. Qf2 Qxf2+ 49. Rxf2 Rg2 0-1


[Site "https://www.chess.com"]

[Event "Titled Tuesday Blitz June 13 Early 2023"]
[White "Chos, Alexey"]
[Black "Harsha Bharathakoti"]
[WhiteFideId "14117762"]
[BlackFideId "5078776"]
[WhiteElo "2234"]
[BlackElo "2504"]
[Result "0-1"]
[Round "6"]
[TimeControl "180+2"]
[Date "2023.06.13"]
[WhiteClock "0:00:00"]
[BlackClock "0:00:25"]
[Board "31"]

1. d4 d5 2. c4 e6 3. Nf3 c6 4. g3 dxc4 5. Bg2 b5 6. O-O Bb7 7. a4 Nd7 8. Nc3 a6 9. b3 cxb3 10. Qxb3 b4 11. Ne4 Ngf6 12. Nxf6+ Nxf6 13. Ne5 Nd5 14. e4 Nf6 15. Be3 Be7 16. Rac1 Rc8 17. Rfd1 O-O 18. Nd3 a5 19. Nc5 Ba8 20. f3 Nd7 21. Nd3 Qb6 22. Nc5 Qa7 23. Nxd7 Qxd7 24. Bf1 Bb7 25. Bc4 Rfd8 26. Qc2 Qc7 27. Qe2 c5 28. Kg2 Qb6 29. Qf2 Bc6 30. dxc5 Qb7 31. Rxd8+ Rxd8 32. Bb5 Bxb5 33. axb5 Qxb5 34. c6 Rc8 35. c7 b3 36. Qd2 a4 37. Bd4 a3 0-1


[Site "https://www.chess.com"]

[Event "Titled Tuesday Blitz June 13 Early 2023"]
[White "Andreikin, Dmitry"]
[Black "Camilla_Lee"]
[WhiteFideId "4158814"]
[WhiteElo "2736"]
[BlackElo "2592"]
[Result "1-0"]
[Round "6"]
[TimeControl "180+2"]
[Date "2023.06.13"]
[WhiteClock "0:01:12"]
[BlackClock "0:00:03"]
[Board "32"]

1. e4 e5 2. f4 d5 3. exd5 e4 4. Nc3 Nf6 5. d4 Bb4 6. Bc4 Bxc3+ 7. bxc3 Nxd5 8. Qh5 c6 9. Qe5+ Kf8 10. Ba3+ Kg8 11. Ne2 Nd7 12. Qd6 Qf6 13. Bxd5 Qxd6 14. Bxf7+ Kxf7 15. Bxd6 Nf6 16. Be5 Nd5 17. Ng3 Ne3 18. Rc1 Nxg2+ 19. Kf2 Nh4 20. Nxe4 Nf5 21. c4 Be6 22. Ng5+ Ke7 23. Rhe1 Rhe8 24. Rb1 b6 25. c5 Bxa2 26. Ra1 Bd5 27. cxb6 Nd6 28. bxa7 Nb5 29. Bxg7+ Kd7 30. Rxe8 Kxe8 31. Nxh7 Rxa7 32. Rxa7 Nxa7 33. Ng5 Nb5 34. h4 Nd6 35. h5 Nf5 36. h6 Bg8 37. c4 Nxg7 38. hxg7 Bxc4 39. Ne4 Bg8 40. f5 Kf7 41. f6 Bh7 42. Ke3 Bg6 43. Ng5+ Kg8 44. Kf4 Bh5 45. Ke5 Be8 46. Kd6 c5 47. dxc5 Bd7 48. f7+ Kxg7 49. Kxd7 Kf8 50. c6 Kg7 51. c7 1-0


[Site "https://www.chess.com"]

[Event "Titled Tuesday Blitz June 13 Early 2023"]
[White "Tristan, Leonardo"]
[Black "Bortnyk, Olexandr"]
[WhiteFideId "113816"]
[BlackFideId "14120828"]
[WhiteElo "2461"]
[BlackElo "2733"]
[Result "0-1"]
[Round "6"]
[TimeControl "180+2"]
[Date "2023.06.13"]
[WhiteClock "0:00:11"]
[BlackClock "0:01:26"]
[Board "33"]

1. d4 Nf6 2. Nf3 b6 3. Bf4 Bb7 4. e3 g6 5. Be2 Bg7 6. O-O O-O 7. a4 a5 8. Nbd2 d6 9. h3 Nbd7 10. Bh2 Qb8 11. Re1 Qa7 12. Bb5 Rad8 13. e4 Qa8 14. e5 dxe5 15. dxe5 Nd5 16. e6 fxe6 17. c3 Nc5 18. Qe2 Nf4 19. Bxf4 Rxf4 20. Bc4 Bd5 21. Bxd5 Qxd5 22. Rad1 Rdf8 23. c4 Qc6 24. b3 Bc3 25. Qe3 Bxd2 26. Rxd2 Re4 27. Qc3 Rxe1+ 28. Nxe1 Ne4 29. Qe3 Nxd2 30. Qxd2 Qe4 31. Nf3 Qb1+ 32. Kh2 Qxb3 33. Qe2 Rf6 34. Qe4 Qxa4 35. Ne5 Qd1 36. Qa8+ Kg7 37. Qe8 Qd6 38. f4 Rxf4 0-1


[Site "https://www.chess.com"]

[Event "Titled Tuesday Blitz June 13 Early 2023"]
[White "Pulpan, Jakub"]
[Black "Matlakov, Maxim"]
[WhiteFideId "302759"]
[BlackFideId "4168003"]
[WhiteElo "2484"]
[BlackElo "2666"]
[Result "1/2-1/2"]
[Round "6"]
[TimeControl "180+2"]
[Date "2023.06.13"]
[WhiteClock "0:00:04"]
[BlackClock "0:00:13"]
[Board "34"]

1. Nf3 d5 2. b3 Bf5 3. Bb2 e6 4. g3 Nf6 5. Bg2 h6 6. O-O Be7 7. c4 O-O 8. d3 c6 9. Nbd2 a5 10. a3 Na6 11. Qc2 Qb6 12. Bc3 Bh7 13. Qb2 Nc5 14. Bd4 Qc7 15. Be5 Qd8 16. Rfc1 Ncd7 17. Bc3 Re8 18. b4 axb4 19. axb4 Rxa1 20. Rxa1 Bd6 21. Nb3 e5 22. Nc5 d4 23. Nxd7 Qxd7 24. Bd2 Bf5 25. Ra7 Bb8 26. Ra8 Bh3 27. Bh1 Bc7 28. Rxe8+ Qxe8 29. Bg2 Bxg2 30. Kxg2 Qa8 31. e3 dxe3 32. Bxe3 Qe8 33. Nd2 Qd7 34. Qc2 Ng4 35. Nf1 f5 36. h3 Nf6 37. f3 f4 38. Bf2 fxg3 39. Nxg3 Qf7 40. Qe2 Qg6 41. Kf1 Kh8 42. Ne4 Nh5 43. Be3 Qf5 44. Qg2 Qd7 45. Ke2 b5 46. Qg4 Qf7 47. Qc8+ Kh7 48. cxb5 cxb5 49. Qg4 Qa2+ 50. Nd2 Qf7 51. Ne4 Kh8 52. Qc8+ Kh7 53. Qg4 1/2-1/2


[Site "https://www.chess.com"]

[Event "Titled Tuesday Blitz June 13 Early 2023"]
[White "Skvortsov, Andrei"]
[Black "Talibov, Shiroghlan"]
[WhiteFideId "24108600"]
[BlackFideId "13429078"]
[WhiteElo "2259"]
[BlackElo "2274"]
[Result "1/2-1/2"]
[Round "6"]
[TimeControl "180+2"]
[Date "2023.06.13"]
[WhiteClock "0:00:33"]
[BlackClock "0:00:14"]
[Board "35"]

1. e4 c5 2. d4 cxd4 3. Qxd4 Nc6 4. Qd3 Nf6 5. Nc3 d6 6. Nf3 e6 7. Bf4 Be7 8. O-O-O e5 9. Bg5 Bg4 10. Kb1 O-O 11. Bxf6 Bxf6 12. Qxd6 Bxf3 13. gxf3 Nd4 14. Qxd8 Rfxd8 15. Rd3 Bh4 16. Nd5 Rac8 17. c3 Nc6 18. Bh3 Rb8 19. Rd2 Bg5 20. Re2 b5 21. a3 a5 22. Kc2 b4 23. axb4 axb4 24. Ra1 bxc3 25. bxc3 g6 26. Ra6 Rd6 27. Ra4 Kg7 28. Re1 Rb7 29. Rb1 Nd4+ 30. cxd4 Rc6+ 31. Nc3 Rxb1 32. Kxb1 Rxc3 33. Bg2 exd4 34. Rxd4 Bf4 35. e5 Bxe5 36. Rh4 h5 37. h3 Ra3 38. Re4 Ra1+ 39. Kc2 Ra2+ 40. Kd3 Rxf2 41. Re2 Rxe2 42. Kxe2 Kf6 43. Bf1 Kg5 44. Kf2 Kf4 45. Kg2 g5 46. Bc4 f5 47. Bf7 h4 48. Be6 Bc7 49. Bc8 Ke5 50. Bd7 Kf4 51. Bc8 Ke5 52. Bd7 Kf4 53. Bc8 1/2-1/2


[Site "https://www.chess.com"]

[Event "Titled Tuesday Blitz June 13 Early 2023"]
[White "Ajay Karthikeyan"]
[Black "Gorovets, Andrey"]
[WhiteFideId "35011685"]
[BlackFideId "13504037"]
[WhiteElo "2321"]
[BlackElo "2459"]
[Result "0-1"]
[Round "6"]
[TimeControl "180+2"]
[Date "2023.06.13"]
[WhiteClock "0:00:13"]
[BlackClock "0:00:04"]
[Board "36"]

1. d4 Nf6 2. Bf4 d6 3. Nc3 Nbd7 4. Nf3 c6 5. e4 Qa5 6. Bd3 e5 7. Bd2 Qc7 8. Qe2 b5 9. a3 Be7 10. h3 a6 11. b4 O-O 12. O-O Bb7 13. Be3 Rfe8 14. Qd2 Bf8 15. Rfe1 g6 16. Rad1 exd4 17. Bxd4 c5 18. Bxf6 Nxf6 19. Qf4 Bg7 20. Bxb5 axb5 21. Nxb5 Qb8 22. Nxd6 Rxe4 23. Rxe4 Bxe4 24. bxc5 Bxf3 25. Qxf3 Qf8 26. c6 Ne8 27. Nb5 Rc8 28. c4 Qc5 29. Rd7 Qxc4 30. c7 Nxc7 31. Nd6 Qe6 32. Qc6 Qe1+ 33. Kh2 Be5+ 34. g3 Qxf2+ 35. Kh1 Qe1+ 36. Kg2 Qxg3+ 37. Kf1 Qxh3+ 38. Ke2 Qg4+ 39. Kf1 Qh3+ 40. Ke2 Bxd6 41. Rxd6 Re8+ 42. Kd2 Qh2+ 43. Kc3 Re3+ 44. Kc4 Qf4+ 45. Rd4 Qg3 46. Qd7 Rc3+ 47. Kb4 Rb3+ 48. Kc4 Qc3# 0-1


[Site "https://www.chess.com"]

[Event "Titled Tuesday Blitz June 13 Early 2023"]
[White "Molina, Roberto Junio Brito"]
[Black "Arabidze, Meri"]
[WhiteFideId "2109450"]
[BlackFideId "13604040"]
[WhiteElo "2376"]
[BlackElo "2405"]
[Result "0-1"]
[Round "6"]
[TimeControl "180+2"]
[Date "2023.06.13"]
[WhiteClock "0:00:16"]
[BlackClock "0:00:45"]
[Board "37"]

1. d4 Nf6 2. c4 e6 3. Nf3 Bb4+ 4. Bd2 Qe7 5. a3 Bxd2+ 6. Qxd2 d6 7. Nc3 O-O 8. e4 e5 9. d5 a5 10. Bd3 Na6 11. Bc2 Nc5 12. O-O a4 13. Ne1 Bd7 14. f3 Nh5 15. Nd3 Nxd3 16. Bxd3 Nf4 17. Bc2 f5 18. exf5 Bxf5 19. Bxf5 Rxf5 20. Ne4 Raf8 21. g3 Nh3+ 22. Kg2 Ng5 23. Nxg5 Rxg5 24. Qe3 Rh5 25. Rae1 Qd7 26. Kg1 Qh3 27. Rf2 Rhf5 28. Ref1 b6 29. Qe4 h5 30. f4 exf4 31. Qe6+ Kh7 32. Rxf4 Rxf4 33. Rxf4 Qxe6 34. dxe6 Rxf4 35. gxf4 Kg6 36. f5+ Kf6 37. Kf2 g6 38. fxg6 Kxe6 39. Kf3 Kf6 40. Ke4 c6 41. h4 Kxg6 42. Kf4 Kf6 43. Ke4 Ke6 44. Kf4 d5 45. cxd5+ cxd5 46. Kg5 Ke5 47. Kxh5 Kf5 48. Kh6 d4 49. Kg7 Kg4 50. h5 Kxh5 0-1


[Site "https://www.chess.com"]

[Event "Titled Tuesday Blitz June 13 Early 2023"]
[White "Krzyzanowski, Marcin"]
[Black "Domingo Nunez, Alejandro"]
[WhiteFideId "1132199"]
[BlackFideId "22245561"]
[WhiteElo "2471"]
[BlackElo "2291"]
[Result "1-0"]
[Round "6"]
[TimeControl "180+2"]
[Date "2023.06.13"]
[WhiteClock "0:00:12"]
[BlackClock "0:00:00"]
[Board "38"]

1. e4 g6 2. d4 Bg7 3. Nc3 c6 4. h4 d5 5. e5 h5 6. Bg5 Nh6 7. Qd2 f6 8. exf6 exf6 9. Bf4 Bf5 10. O-O-O Kf7 11. Nge2 Nd7 12. Ng3 Nf8 13. Kb1 Ne6 14. Be3 Qd6 15. Bd3 Bxd3 16. Qxd3 Nf4 17. Bxf4 Qxf4 18. Nce2 Qd6 19. c4 Ng4 20. Rhf1 Rhe8 21. cxd5 cxd5 22. Qb3 Kg8 23. Nc3 Rad8 24. Nge4 Qe6 25. Nc5 Qf5+ 26. Ka1 b6 27. Nd3 Kh7 28. a4 Bf8 29. g3 Bh6 30. Nb5 a6 31. Nc7 Re7 32. Nxa6 Ra7 33. Qxb6 Rda8 34. Nac5 Nh2 35. Rfe1 Nf3 36. Re6 Bg7 37. Qb4 Ra5 38. b3 1-0


[Site "https://www.chess.com"]

[Event "Titled Tuesday Blitz June 13 Early 2023"]
[White "Zemlyanskii, Ivan"]
[Black "Wadsworth, Matthew J"]
[WhiteFideId "24249971"]
[BlackFideId "415804"]
[WhiteElo "2421"]
[BlackElo "2347"]
[Result "1-0"]
[Round "6"]
[TimeControl "180+2"]
[Date "2023.06.13"]
[WhiteClock "0:00:22"]
[BlackClock "0:00:07"]
[Board "39"]

1. d4 Nf6 2. c4 c5 3. d5 e6 4. Bf4 exd5 5. cxd5 d6 6. e4 g6 7. Bb5+ Nbd7 8. Nf3 a6 9. Bd3 Qe7 10. O-O Bg7 11. Nbd2 O-O 12. Nc4 Ne8 13. a4 Ne5 14. Nfxe5 Bxe5 15. Nxe5 dxe5 16. Be3 b6 17. Qb3 Qc7 18. Rac1 a5 19. f4 Ba6 20. Bxa6 Rxa6 21. f5 f6 22. d6+ Qf7 23. Qb5 Qb7 24. d7 Nc7 25. Qc4+ Kg7 26. fxg6 hxg6 27. Rxf6 Raa8 28. Rd6 Rad8 29. Bg5 b5 30. Qxc5 Qxe4 31. Bxd8 Qf4 32. Bf6+ Rxf6 33. Rxf6 Qxf6 34. Qxc7 1-0


[Site "https://www.chess.com"]

[Event "Titled Tuesday Blitz June 13 Early 2023"]
[White "Ingebretsen, Jens E"]
[Black "Miladinovic, Igor"]
[WhiteFideId "1522965"]
[BlackFideId "4203380"]
[WhiteElo "2213"]
[BlackElo "2568"]
[Result "1-0"]
[Round "6"]
[TimeControl "180+2"]
[Date "2023.06.13"]
[WhiteClock "0:00:44"]
[BlackClock "0:00:09"]
[Board "40"]

1. c4 e5 2. Nc3 Nc6 3. Nf3 g6 4. d4 exd4 5. Nxd4 Bg7 6. Nxc6 bxc6 7. g3 Ne7 8. Bg2 O-O 9. O-O h6 10. Qc2 d5 11. Rd1 Be6 12. Be3 Qd6 13. Ne4 Qe5 14. Nc5 Qxb2 15. Qxb2 Bxb2 16. Rab1 Bg7 17. Rb7 d4 18. Bxd4 Bxc4 19. Bxg7 Kxg7 20. Rd7 Rfd8 21. Rxe7 Rd1+ 22. Bf1 Rad8 23. Rbxc7 Rc1 24. Rcd7 Rxd7 25. Nxd7 Bxa2 26. f4 a5 27. Kf2 a4 28. Ne5 Bb3 29. Ra7 c5 30. Bg2 Ra1 31. Be4 g5 32. Bg6 gxf4 33. gxf4 Kf6 34. Bxf7 Kf5 35. Bxb3 axb3 36. Rxa1 1-0


[Site "https://www.chess.com"]

[Event "Titled Tuesday Blitz June 13 Early 2023"]
[White "ATM622"]
[Black "Hafiz, Arif Abdul"]
[BlackFideId "7104227"]
[WhiteElo "2589"]
[BlackElo "2198"]
[Result "0-1"]
[Round "6"]
[TimeControl "180+2"]
[Date "2023.06.13"]
[WhiteClock "0:00:29"]
[BlackClock "0:00:38"]
[Board "41"]

1. d4 Nf6 2. c4 g6 3. g3 c6 4. Bg2 d5 5. Nd2 Bg7 6. Ngf3 O-O 7. O-O Bf5 8. b3 Ne4 9. Bb2 dxc4 10. Nxc4 Nd6 11. Nce5 Be4 12. Rc1 Na6 13. Nd2 Bxg2 14. Kxg2 Nc7 15. Ndf3 Nd5 16. Qc2 Nb4 17. Qb1 Nd5 18. Rfe1 Nc7 19. e4 Ne6 20. Nd3 Nb5 21. d5 cxd5 22. Bxg7 Kxg7 23. Qb2+ Kg8 24. Rcd1 d4 25. Nde5 Qc7 26. a4 Nc3 27. Rd3 Rfd8 28. Nc4 Nxa4 29. bxa4 Qxc4 30. Ne5 Qc7 31. f4 Rac8 32. Re2 b6 33. Qb3 Kg7 34. h4 Qd6 35. Nf3 Nc5 36. Qc4 Nxd3 37. Qxd3 Rc3 38. Qd2 Qc5 39. Ne5 d3 40. Rf2 Rc2 41. Qe1 Rxf2+ 42. Qxf2 Qxf2+ 43. Kxf2 d2 0-1


[Site "https://www.chess.com"]

[Event "Titled Tuesday Blitz June 13 Early 2023"]
[White "Czerw, Dawid"]
[Black "Rahman, Masruri"]
[WhiteFideId "1145746"]
[BlackFideId "7101163"]
[WhiteElo "2144"]
[BlackElo "2256"]
[Result "0-1"]
[Round "6"]
[TimeControl "180+2"]
[Date "2023.06.13"]
[WhiteClock "0:00:02"]
[BlackClock "0:00:12"]
[Board "42"]

1. e4 e6 2. d4 d5 3. Nc3 Bb4 4. e5 c5 5. a3 Bxc3+ 6. bxc3 Qc7 7. Qg4 f5 8. Qg3 Nc6 9. Ne2 cxd4 10. cxd4 Nge7 11. h4 O-O 12. h5 f4 13. Bxf4 Nf5 14. Qd3 Nfxd4 15. Bg3 Nf5 16. f4 Nxg3 17. Qxg3 Qa5+ 18. c3 d4 19. Rc1 Qxa3 20. h6 g6 21. Rh3 dxc3 22. Rxc3 Qb4 23. Kf2 Bd7 24. Rd3 Nxe5 25. Rd4 Qb6 26. Ke1 Ba4 27. fxe5 Qb1+ 28. Kd2 Rxf1 29. Qc3 Qe1+ 30. Ke3 Qf2+ 31. Kd2 Rd1# 0-1


[Site "https://www.chess.com"]

[Event "Titled Tuesday Blitz June 13 Early 2023"]
[White "Sattarov, Bobir"]
[Black "Mendez Fortes, Eduardo Jesus"]
[WhiteFideId "14203081"]
[BlackFideId "3502376"]
[WhiteElo "2351"]
[BlackElo "2307"]
[Result "1-0"]
[Round "6"]
[TimeControl "180+2"]
[Date "2023.06.13"]
[WhiteClock "0:00:13"]
[BlackClock "0:00:22"]
[Board "43"]

1. e4 c5 2. Nf3 d6 3. d4 cxd4 4. Nxd4 Nf6 5. f3 e5 6. Nb3 d5 7. Bg5 Be6 8. Bxf6 gxf6 9. exd5 Qxd5 10. Qxd5 Bxd5 11. Nc3 Bc6 12. O-O-O a6 13. Na5 Bb4 14. Nxc6 bxc6 15. Ne4 Ke7 16. Bc4 f5 17. Ng3 f4 18. Nf5+ Kf6 19. g4 Bc5 20. Nh6 Ra7 21. h4 Kg7 22. g5 Re8 23. Nf5+ Kh8 24. Rhe1 a5 25. Nd6 Ree7 26. Ne4 Be3+ 27. Rxe3 fxe3 28. Rd8+ Kg7 29. Nf6 Kg6 30. Rxb8 Kf5 31. Kd1 Kf4 32. Ke2 Rab7 33. Rxb7 Rxb7 34. Nh5+ Kf5 35. Bd3+ Ke6 36. b3 Rb4 37. Bc4+ Kf5 38. Kxe3 a4 39. Ng3+ Kg6 40. a3 Rb8 41. b4 Rc8 42. Bd3+ Kg7 43. Nf5+ Kf8 44. c4 Rd8 45. c5 Rb8 46. Be4 Rc8 47. Nd6 Rb8 48. Nc4 Rd8 49. Ke2 Rd4 50. Nxe5 Ke7 51. Nxc6+ Ke6 52. Nxd4+ Ke5 53. Nb5 Kf4 54. Nc3 Kg3 55. h5 Kh4 56. g6 fxg6 57. hxg6 hxg6 58. Bxg6 Kg5 59. Be4 Kf6 60. Nxa4 Ke7 61. Nc3 Kd8 62. Kd3 Kc7 63. Kc4 Kb8 64. f4 Ka7 65. f5 Ka6 66. Bd5 Ka7 67. Ne4 Ka6 68. f6 Ka7 69. f7 Ka6 70. f8=Q Ka7 71. Qa8# 1-0


[Site "https://www.chess.com"]

[Event "Titled Tuesday Blitz June 13 Early 2023"]
[White "Csonka, Balazs"]
[Black "Gontcharov, Vladislav"]
[WhiteFideId "742910"]
[BlackFideId "4123492"]
[WhiteElo "2404"]
[BlackElo "2420"]
[Result "0-1"]
[Round "6"]
[TimeControl "180+2"]
[Date "2023.06.13"]
[WhiteClock "0:00:03"]
[BlackClock "0:00:49"]
[Board "44"]

1. c4 Nf6 2. Nc3 c5 3. g3 Nc6 4. Bg2 d6 5. Nf3 g6 6. d4 cxd4 7. Nxd4 Bd7 8. b3 Bg7 9. Bb2 O-O 10. O-O Nxd4 11. Qxd4 Bc6 12. Qd2 Qa5 13. Rad1 Rfd8 14. e4 Rab8 15. Rfe1 a6 16. a3 b5 17. b4 Qc7 18. Nd5 Bxd5 19. cxd5 Nd7 20. Rc1 Qa7 21. Bxg7 Kxg7 22. Bf1 Rbc8 23. Kg2 Qb7 24. f4 Rxc1 25. Rxc1 Rc8 26. Rc3 Nb6 27. Rxc8 Nxc8 28. Qc3+ f6 29. h4 Nb6 30. Kh2 Qc8 31. Qd4 Qc2+ 32. Kg1 Nc4 33. Qa7 Kf7 34. Qxa6 Nd2 35. Be2 Nxe4 36. Qxb5 Qc1+ 37. Kg2 Qe1 38. Kf3 f5 39. Qb6 Qxg3# 0-1


[Site "https://www.chess.com"]

[Event "Titled Tuesday Blitz June 13 Early 2023"]
[White "Shuvalova, Polina"]
[Black "Turayev, Shahruh"]
[WhiteFideId "24171760"]
[BlackFideId "14003856"]
[WhiteElo "2281"]
[BlackElo "2113"]
[Result "0-1"]
[Round "6"]
[TimeControl "180+2"]
[Date "2023.06.13"]
[WhiteClock "0:00:02"]
[BlackClock "0:00:58"]
[Board "45"]

1. e4 d5 2. exd5 Qxd5 3. Nc3 Qa5 4. d4 Nf6 5. Nf3 Nc6 6. Bb5 Ne4 7. Bxc6+ bxc6 8. O-O Nxc3 9. bxc3 Bg4 10. h3 Qxc3 11. Be3 Bh5 12. Rb1 e6 13. Rb3 Qc4 14. g4 Bg6 15. Ne5 Qxc2 16. Qf3 Qe4 17. Kg2 Qd5 18. Nxg6 hxg6 19. Rc1 Qxf3+ 20. Kxf3 Rxh3+ 21. Kg2 Rh8 22. Rxc6 Bd6 23. Ra6 Kd7 24. Rb7 Rh2+ 25. Kf3 Rh3+ 26. Kg2 Rh2+ 27. Kf3 f5 28. gxf5 gxf5 29. Raxa7 Rxa7 30. Rxa7 Rh5 31. a4 g5 32. a5 g4+ 33. Ke2 f4 34. Bd2 Rh2 35. Ke1 f3 36. Be3 g3 37. Kf1 Rh1# 0-1


[Site "https://www.chess.com"]